 Dungeon Crawl Stone Soup version 0.22-b1-26-g9dbaab1 (webtiles) character file.

86 zishaf the Insei (level 4, -1/23 HPs)
             Began as a Vine Stalker Transmuter on Aug 7, 2018.
             Slain by a worm (5 damage)
             ... on level 2 of the Dungeon.
             The game lasted 00:04:15 (1554 turns).

zishaf the Insei (Vine Stalker Transmuter)          Turns: 1554, Time: 00:04:16

Health: -1/23      AC:  5    Str: 14    XL:     4   Next: 49%
Magic:  0/8        EV: 11    Int: 13    God:
Gold:   41         SH:  0    Dex: 14    Spells: 6/7 levels left

rFire    . . .     SeeInvis .     - Unarmed
rCold    . . .     Gourm    .   (no shield)
rNeg     . . .     Faith    .   h - +0 ring mail
rPois    .         Spirit   +   (no helmet)
rElec    .         Reflect  .   (no cloak)
rCorr    .         Harm     .   (no gloves)
MR       .....                  (no boots)
Stlth    +.........             (no amulet)
HPRegen  0.47/turn              (no ring)
MPRegen  0.11/turn              (no ring)

@: lethally poisoned (-1 -> -1)
A: fangs 2, regeneration 1, magic shield, antimagic bite, no potion heal 3, rot
immunity
a: no special abilities


You were on level 2 of the Dungeon.
You were not hungry.

You visited 1 branch of the dungeon, and saw 2 of its levels.

You collected 41 gold pieces.

Inventory:

Missiles
 a - 12 arrows
Armour
 b - a +0 robe
 h - a +0 ring mail (worn)
Scrolls
 g - 2 scrolls of enchant weapon {unknown}
Potions
 e - a potion of heal wounds {unknown}
 f - a potion of ambrosia {unknown}
 i - a potion of berserk rage {unknown}
Comestibles
 c - 2 chunks of flesh
 d - 3 rations


   Skills:
 + Level 1.7 Fighting
 + Level 2.1 Dodging
 + Level 2.2 Stealth
 + Level 3.5 Unarmed Combat
 - Level 2.1 Spellcasting
 + Level 2.6 Transmutations


You had 6 spell levels left.
You knew the following spells:

 Your Spells              Type           Power        Failure   Level  Hunger
a - Beastly Appendage     Tmut           #.....       17%         1    ##.....

Your spell library contained the following spells:

 Spells                   Type           Power        Failure   Level  Hunger
 Spider Form              Tmut/Pois      #.........   65%         3    ####...
 Blade Hands              Tmut           #.........   99%         5    ######.
 Ice Form                 Ice/Tmut       #.......     96%         4    #####..
 Sticks to Snakes         Tmut           #.......     26%         2    ###....


Dungeon Overview and Level Annotations

Branches:
Dungeon (2/15)

Altars:


Innate Abilities, Weirdness & Mutations

You have extremely sharp teeth.
Your natural rate of healing is unusually fast.
When hurt, damage is shared between your health and your magic reserves.
Your bite disrupts and absorbs the magic of your enemies.
Potions cannot restore your health.
You are immune to rotting.


Message History

You kill the goblin!
The worm bites you!
Items here: $ ( )) †† You barely miss the worm.
Your bite misses the worm.
You feel sick. The worm bites you.
You hit the worm.
The worm is lightly wounded.
You hit the worm but do no damage.
The worm is lightly wounded.
The worm closely misses you.
You hit the worm.
The worm is heavily wounded.
You hit the worm.
The worm is heavily wounded.
You feel sick. The worm bites you.
* * * LOW HITPOINT WARNING * * *
You hit the worm.
The worm is severely wounded.
The worm bites you!
You die...

#.....#####....
#.....##.......
#.....##.......
+.....+........
#.....##.......
#.....##.......
#.....#........
###########.....#........
.......w@.......'........
######.#########...#.###
#..# #...#..# ##.###
######.# #K..# +# #g..#
#...# +w..+ #...#


You could see a worm.

Vanquished Creatures
  An adder (D:2)
  5 oozes (D:1)
  A worm (D:1)
  A dart slug (D:2)
  3 bats (D:1)
  5 giant cockroaches (D:1)
  7 goblins
  5 hobgoblins (D:1)
  4 jackals (D:1)
  A quokka (D:2)
  7 kobolds
  6 rats
46 creatures vanquished.

Notes
Turn   | Place    | Note
-------+----------+-------------------------------------------
     0 | D:1      | zishaf the Vine Stalker Transmuter began the quest for the Orb.
     0 | D:1      | Reached XP level 1. HP: 9/9 MP: 4/4
     1 | D:1      | Found a runed door.
    44 | D:1      | Reached skill level 1 in Fighting
    54 | D:1      | Reached XP level 2. HP: 9/14 MP: 3/6
    57 | D:1      | Reached skill level 1 in Stealth
    70 | D:1      | Reached XP level 3. HP: 8/18 MP: 4/7
   958 | D:1      | Gained mutation: Your natural rate of healing is unusually fast. [Vine Stalker growth]
   958 | D:1      | Reached XP level 4. HP: 21/22 MP: 8/8
  1554 | D:2      | Slain by a worm

Skill      XL: |  1  2  3  4 |
---------------+-------------+-----
Fighting       | 1 |  1.7
Stealth        | 1 2 |  2.2
Dodging        | 2 |  2.1
Unarmed Combat | |  3.5
Spellcasting   | |  2.1
Transmutations | |  2.6

Action                   |  1- 3 |  4- 6 || total
-------------------------+-------+-------++-------
Melee: Unarmed           |    95 |    56 ||   151
       Bite              |    22 |    16 ||    38
       Headbutt          |     2 |       ||     2
 Cast: Beastly Appendage |     2 |       ||     2
 Stab: Sleeping          |     4 |     2 ||     6
  Eat: Chunk             |       |     2 ||     2
Armor: Robe              |    15 |     1 ||    16
       Ring mail         |       |     9 ||     9
Dodge: Dodged            |    45 |    32 ||    77
